APL (24 & UNDER)
SCOTTSDALE SCORPIONS @ BEAVERTON BRONZE SOULS
09/29/2026
 
TOP OF THE 1ST
Scottsdale Scorpions batting - Pitching for Beaverton Bronze Souls : RHP Ignacio Morales
Pitching: RHP Ignacio Morales
Batting: LHB José Garza 0-0: Called Strike
0-1: Foul Ball, location: 2F
0-2: Strikes out swinging
Batting: RHB David Suarze 0-0: Fly out, F4 (Popup, 4MD)
Batting: LHB Claudio Rodríguez 0-0: SOLO HOME RUN (Flyball, 8RXD), Distance : 432 ft
Batting: RHB Geomar Dalsoglio 0-0: Ball
1-0: Foul Ball, location: 2F
1-1: Swinging Strike
1-2: Fly out, F9 (Flyball, 89M)
Top of the 1st over - 1 run(s), 1 hit(s), 0 error(s), 0 left on base; Scottsdale 1 - Beaverton 0
BOTTOM OF THE 1ST
Beaverton Bronze Souls batting - Pitching for Scottsdale Scorpions : RHP Bryce Davis
Pitching: RHP Bryce Davis
Batting: RHB Juan Becerra 0-0: Ground out 1-3 (Groundball, 25)
Batting: LHB Richard Méndez 0-0: Ball
1-0: Called Strike
1-1: Swinging Strike
1-2: Foul Ball, location: 2F
1-2: Foul Ball, location: 2F
1-2: Ground out 4-3 (Groundball, 34)
Batting: RHB Brian Dixon 0-0: Ball
1-0: SINGLE (Flyball, 9LM)
Batting: LHB Chance Santry 0-0: Called Strike
0-1: Called Strike
0-2: Ball
1-2: Foul Ball, location: 2F
1-2: Ball
2-2: Ball
3-2: Foul Ball, location: 2F
3-2: SINGLE (Line Drive, 34D)
Brian Dixon to second
Brian Dixon to third
Batting: LHB Miguel Barrón 0-0: Ground out 5-3 (Groundball, 56)
Bottom of the 1st over - 0 run(s), 2 hit(s), 0 error(s), 2 left on base; Scottsdale 1 - Beaverton 0
TOP OF THE 2ND
Scottsdale Scorpions batting - Pitching for Beaverton Bronze Souls : RHP Ignacio Morales
Batting: RHB Edgardo Gonzáles 0-0: Called Strike
0-1: Swinging Strike
0-2: Ground out 5-3 (Groundball, 56)
Batting: RHB Ricardo Gutiérrez 0-0: Ball
1-0: Ball
2-0: Ball
3-0: Base on Balls
Batting: LHB Justin Holland 0-0: Grounds into double play, 4-6-3 (Groundball, 34)
Top of the 2nd over - 0 run(s), 0 hit(s), 0 error(s), 0 left on base; Scottsdale 1 - Beaverton 0
BOTTOM OF THE 2ND
Beaverton Bronze Souls batting - Pitching for Scottsdale Scorpions : RHP Bryce Davis
Batting: LHB Cristóbal Gómez 0-0: Swinging Strike
0-1: Foul Ball, location: 2F
0-2: Ground out 6-3 (Groundball, 6M)
Batting: RHB David Kerr 0-0: Ball
1-0: Ball
2-0: Ground out 6-3 (Groundball, 6)
Batting: RHB Carlos Guevara 0-0: Ball
1-0: Ball
2-0: Ball
3-0: Base on Balls
Batting: LHB Luis Aragón 0-0: Foul Ball, location: 2F
0-1: Ball
1-1: Called Strike
1-2: Strikes out swinging
Bottom of the 2nd over - 0 run(s), 0 hit(s), 0 error(s), 1 left on base; Scottsdale 1 - Beaverton 0
TOP OF THE 3RD
Scottsdale Scorpions batting - Pitching for Beaverton Bronze Souls : RHP Ignacio Morales
Batting: RHB Cristián Román 0-0: Ball
1-0: Ball
2-0: Foul Ball, location: 2F
2-1: SINGLE (Groundball, 15S) (infield hit)
Batting: LHB Alberto Roberts 0-0: Foul Ball, location: 2F
0-1: Fielders Choice at 2nd, 4-6 (Groundball, 4)
Batting: LHB José Garza 0-0: 2-RUN HOME RUN (Flyball, 9D), Distance : 369 ft
Batting: RHB David Suarze 0-0: Called Strike
0-1: Ball
1-1: Fly out, F8 (Flyball, 8LM)
Batting: LHB Claudio Rodríguez 0-0: Ball
1-0: Fly out, F8 (Flyball, 8LD)
Top of the 3rd over - 2 run(s), 2 hit(s), 0 error(s), 0 left on base; Scottsdale 3 - Beaverton 0
BOTTOM OF THE 3RD
Beaverton Bronze Souls batting - Pitching for Scottsdale Scorpions : RHP Bryce Davis
Batting: RHB Juan Becerra 0-0: Foul Ball, location: 2F
0-1: Ball
1-1: Ball
2-1: Swinging Strike
2-2: Ball
3-2: Foul Ball, location: 2F
3-2: Strikes out swinging
Batting: LHB Richard Méndez 0-0: Ball
1-0: Foul Ball, location: 2F
1-1: Ball
2-1: Reached on error, E6 (Groundball, 6)
Batting: RHB Brian Dixon 0-0: Ball
1-0: Ground out 4-3 (Groundball, 4)
Richard Méndez to third
Batting: LHB Chance Santry 0-0: Called Strike
0-1: Foul Ball, location: 2F
0-2: Ball
1-2: Fly out, F7 (Line Drive, 6D)
Bottom of the 3rd over - 0 run(s), 0 hit(s), 1 error(s), 1 left on base; Scottsdale 3 - Beaverton 0
TOP OF THE 4TH
Scottsdale Scorpions batting - Pitching for Beaverton Bronze Souls : RHP Ignacio Morales
Batting: RHB Geomar Dalsoglio 0-0: Fly out, F7 (Flyball, 7LD)
Batting: RHB Edgardo Gonzáles 0-0: Ball
1-0: Foul Ball, location: 2F
1-1: Ball
2-1: Ball
3-1: SINGLE (Groundball, 6)
Batting: RHB Ricardo Gutiérrez 0-0: Called Strike
Edgardo Gonzáles is caught stealing 2nd base
0-1: Ball
1-1: Foul Ball, location: 2F
1-2: Ball
2-2: Fly out, F7 (Popup, 7LS)
Top of the 4th over - 0 run(s), 1 hit(s), 0 error(s), 0 left on base; Scottsdale 3 - Beaverton 0
BOTTOM OF THE 4TH
Beaverton Bronze Souls batting - Pitching for Scottsdale Scorpions : RHP Bryce Davis
Batting: LHB Miguel Barrón 0-0: Ball
1-0: Ball
2-0: Foul Ball, location: 2F
2-1: Ball
3-1: Foul Ball, location: 2F
3-2: Base on Balls
Batting: LHB Cristóbal Gómez 0-0: Called Strike
0-1: Foul Ball, location: 2F
0-2: Ball
1-2: Foul Ball, location: 2F
1-2: Strikes out swinging
Batting: RHB David Kerr 0-0: Ball
Miguel Barrón steals 2nd base
1-0: Foul Ball, location: 2F
1-1: SINGLE (Flyball, 6MD)
Miguel Barrón to third
Runner from 3rd tries for Home, SAFE, no throw or cutoff
Batting: RHB Carlos Guevara 0-0: Ball
1-0: Called Strike
1-1: Ball
2-1: 2-RUN HOME RUN (Flyball, 78XD), Distance : 397 ft
Batting: LHB Luis Aragón 0-0: Ball
1-0: Ball
2-0: Called Strike
2-1: Ball
3-1: Swinging Strike
3-2: Ground out 4-3 (Groundball, 4)
Batting: RHB Juan Becerra 0-0: Foul Ball, location: 2F
0-1: Fly out, F7 (Line Drive, 7M)
Bottom of the 4th over - 3 run(s), 2 hit(s), 0 error(s), 0 left on base; Scottsdale 3 - Beaverton 3
TOP OF THE 5TH
Scottsdale Scorpions batting - Pitching for Beaverton Bronze Souls : RHP Ignacio Morales
Batting: LHB Justin Holland 0-0: Ball
1-0: Ground out 5-3 (Groundball, 56)
Batting: RHB Cristián Román 0-0: Called Strike
0-1: Ball
1-1: Swinging Strike
1-2: Ground out 1-3 (Groundball, 13S)
Batting: LHB Alberto Roberts 0-0: Called Strike
0-1: Ball
1-1: Called Strike
1-2: Strikes out swinging
Top of the 5th over - 0 run(s), 0 hit(s), 0 error(s), 0 left on base; Scottsdale 3 - Beaverton 3
BOTTOM OF THE 5TH
Beaverton Bronze Souls batting - Pitching for Scottsdale Scorpions : RHP Bryce Davis
Batting: LHB Richard Méndez 0-0: Called Strike
0-1: Foul Ball, location: 2F
0-2: Ball
1-2: Ball
2-2: Ball
3-2: DOUBLE (Line Drive, 9LS)
Batting: RHB Brian Dixon 0-0: Foul Ball, location: 2F
0-1: Foul Ball, location: 2F
0-2: Ball
1-2: Foul Ball, location: 2F
1-2: DOUBLE (Line Drive, 5L)
Richard Méndez scores
Pitching: RHP Alejandro Guzmán
Batting: LHB Chance Santry 0-0: Fly out, F7 (Flyball, 7LD)
Batting: LHB Miguel Barrón 0-0: Ball
1-0: Ground out 4-3 (Groundball, 4)
Brian Dixon to third
Batting: LHB Cristóbal Gómez 0-0: Fly out, F7 (Popup, 6D)
Bottom of the 5th over - 1 run(s), 2 hit(s), 0 error(s), 1 left on base; Scottsdale 3 - Beaverton 4
TOP OF THE 6TH
Scottsdale Scorpions batting - Pitching for Beaverton Bronze Souls : RHP Ignacio Morales
Batting: LHB José Garza 0-0: Foul Ball, location: 2F
0-1: Ball
1-1: Ground out 4-3 (Groundball, 4M)
Batting: RHB David Suarze 0-0: Hit by Pitch
Batting: LHB Claudio Rodríguez 0-0: Called Strike
David Suarze steals 2nd base
0-1: Ball
1-1: Foul Ball, location: 2F
1-2: Foul Ball, location: 2F
1-2: Ball
2-2: Ball
3-2: Base on Balls
Batting: RHB Geomar Dalsoglio 0-0: Called Strike
David Suarze steals 3rd base
Claudio Rodríguez to second
0-1: Ball
1-1: Ball
2-1: Swinging Strike
2-2: Ground out 6-3 (Groundball, 6M)
Batting: RHB Edgardo Gonzáles 0-0: Ball
1-0: Called Strike
1-1: Ball
2-1: Foul Ball, location: 2F
2-2: Strikes out swinging
Top of the 6th over - 0 run(s), 0 hit(s), 0 error(s), 2 left on base; Scottsdale 3 - Beaverton 4
BOTTOM OF THE 6TH
Beaverton Bronze Souls batting - Pitching for Scottsdale Scorpions : RHP Alejandro Guzmán
Batting: RHB David Kerr 0-0: Foul Ball, location: 2F
0-1: Ball
1-1: Ball
2-1: Ball
3-1: Foul Ball, location: 2F
3-2: Foul Ball, location: 2F
3-2: Base on Balls
Batting: RHB Carlos Guevara 0-0: Ball
1-0: Swinging Strike
1-1: Ball
2-1: Called Strike
2-2: Strikes out swinging
Batting: LHB Luis Aragón 0-0: Foul Ball, location: 2F
0-1: Ball
1-1: Fly out, F5 (Line Drive, 56)
Batting: RHB Juan Becerra 0-0: Ball
1-0: Swinging Strike
1-1: Ball
2-1: Fielders Choice at 2nd, 6-4 (Groundball, 6)
Bottom of the 6th over - 0 run(s), 0 hit(s), 0 error(s), 0 left on base; Scottsdale 3 - Beaverton 4
TOP OF THE 7TH
Scottsdale Scorpions batting - Pitching for Beaverton Bronze Souls : RHP Ignacio Morales
Batting: RHB Ricardo Gutiérrez 0-0: Ball
1-0: Foul Ball, location: 2F
1-1: Ball
2-1: SINGLE (Groundball, 6MD)
Batting: LHB Justin Holland 0-0: Ball
Ricardo Gutiérrez steals 2nd base
1-0: Foul Ball, location: 2F
1-1: 2-RUN HOME RUN (Flyball, 9D), Distance : 372 ft
Batting: RHB Cristián Román 0-0: Ball
1-0: Ball
2-0: Ball
3-0: Called Strike
3-1: SINGLE (Groundball, 4M)
Pitching: RHP Juan Sandoval
Batting: LHB Alberto Roberts 0-0: Bunted foul
0-1: Sac Bunt - play at first, batter OUT! 3-4
Cristián Román to second
Batting: LHB José Garza 0-0: Called Strike
0-1: Ball
1-1: Called Strike
1-2: Foul Ball, location: 2F
1-2: Hit by Pitch
Pinch Runner at 1st Tommy Allen:
Batting: RHB David Suarze 0-0: Ground out 5-3 (Groundball, 56S)
Cristián Román to third
Tommy Allen to second
Batting: LHB Claudio Rodríguez 0-0: Called Strike
0-1: Fly out, F9 (Line Drive, 9S)
Top of the 7th over - 2 run(s), 3 hit(s), 0 error(s), 2 left on base; Scottsdale 5 - Beaverton 4
BOTTOM OF THE 7TH
Beaverton Bronze Souls batting - Pitching for Scottsdale Scorpions : RHP Alejandro Guzmán
Pitching: RHP Tom Hudson
Now in LF: Tommy Allen
Batting: LHB Richard Méndez 0-0: Foul Ball, location: 2F
0-1: Called Strike
0-2: Foul Ball, location: 2F
0-2: Foul Ball, location: 2F
0-2: Strikes out swinging
Batting: RHB Brian Dixon 0-0: Ball
1-0: Ground out 5-3 (Groundball, 5)
Batting: LHB Chance Santry 0-0: Ball
1-0: Ball
2-0: Called Strike
2-1: Foul Ball, location: 2F
2-2: Foul Ball, location: 2F
2-2: Fly out, F9 (Flyball, 9LM)
Bottom of the 7th over - 0 run(s), 0 hit(s), 0 error(s), 0 left on base; Scottsdale 5 - Beaverton 4
TOP OF THE 8TH
Scottsdale Scorpions batting - Pitching for Beaverton Bronze Souls : RHP Juan Sandoval
Batting: RHB Geomar Dalsoglio 0-0: Foul Ball, location: 2F
0-1: Ground out 6-3 (Groundball, 6)
Batting: RHB Edgardo Gonzáles 0-0: Ball
1-0: Foul Ball, location: 2F
1-1: Swinging Strike
1-2: Strikes out swinging
Batting: RHB Ricardo Gutiérrez 0-0: Called Strike
0-1: Fly out, F9 (Flyball, 9LM)
Top of the 8th over - 0 run(s), 0 hit(s), 0 error(s), 0 left on base; Scottsdale 5 - Beaverton 4
BOTTOM OF THE 8TH
Beaverton Bronze Souls batting - Pitching for Scottsdale Scorpions : RHP Tom Hudson
Pitching: RHP Paul Clark
Batting: LHB Miguel Barrón 0-0: Fly out, F7 (Flyball, 7M)
Batting: LHB Cristóbal Gómez 0-0: Foul Ball, location: 2F
0-1: Swinging Strike
0-2: Ball
1-2: Foul Ball, location: 2F
1-2: Foul Ball, location: 2F
1-2: Ball
2-2: Ball
3-2: Foul Ball, location: 2F
3-2: Ground out 4-3 (Groundball, 4)
Batting: RHB David Kerr 0-0: Fly out, F7 (Popup, 6MD)
Bottom of the 8th over - 0 run(s), 0 hit(s), 0 error(s), 0 left on base; Scottsdale 5 - Beaverton 4
TOP OF THE 9TH
Scottsdale Scorpions batting - Pitching for Beaverton Bronze Souls : RHP Juan Sandoval
Pitching: LHP Mike Stevens
Batting: LHB Justin Holland 0-0: Ball
1-0: SINGLE (Flyball, 6MD)
Pinch Hitting: SHB Juan Gonzáles 0-0: Foul Ball, location: 2F
0-1: Ball
1-1: Ball
2-1: Ball
3-1: Base on Balls
Justin Holland to second
Pinch Hitting: RHB Sergio Domínguez 0-0: Ball
1-0: Ball
2-0: Ball
3-0: Called Strike
3-1: Foul Ball, location: 2F
3-2: Base on Balls
Justin Holland to third
Juan Gonzáles to second
Pinch Hitting: RHB Steve Baird 0-0: Foul Ball, location: 2F
0-1: Called Strike
0-2: Strikes out swinging
Batting: RHB David Suarze 0-0: Ball
1-0: Ball
2-0: Ball
3-0: Base on Balls
Justin Holland scores
Juan Gonzáles to third
Sergio Domínguez to second
Batting: LHB Claudio Rodríguez 0-0: Called Strike
0-1: Ball
1-1: Swinging Strike
1-2: Ball
2-2: Foul Ball, location: 2F
2-2: Ball
3-2: Strikes out swinging
Batting: RHB Geomar Dalsoglio 0-0: Ball
1-0: Foul Ball, location: 2F
1-1: Hit by Pitch
Juan Gonzáles scores
Sergio Domínguez to third
David Suarze to second
Batting: RHB Edgardo Gonzáles 0-0: Called Strike
0-1: Swinging Strike
0-2: Ground out 6-3 (Groundball, 6)
Top of the 9th over - 2 run(s), 1 hit(s), 0 error(s), 3 left on base; Scottsdale 7 - Beaverton 4
BOTTOM OF THE 9TH
Beaverton Bronze Souls batting - Pitching for Scottsdale Scorpions : RHP Paul Clark
Pitching: RHP Martin Miller
Now at C: Sergio Domínguez
Now at 3B: Juan Gonzáles
Now in CF: Felipe Domínguez
Batting: RHB Carlos Guevara 0-0: SINGLE (Line Drive, 6MD)
Batting: LHB Luis Aragón 0-0: Called Strike
0-1: Swinging Strike
0-2: Fly out, F7 (Flyball, 78D)
Batting: RHB Juan Becerra 0-0: DOUBLE (Flyball, 89D)
Carlos Guevara to third
Batting: LHB Richard Méndez 0-0: Called Strike
0-1: Ball
1-1: Called Strike
1-2: Ball
2-2: Strikes out looking
Batting: RHB Brian Dixon 0-0: Ball
1-0: Swinging Strike
1-1: Called Strike
1-2: Ball
2-2: Ball
Balk!
Carlos Guevara scores
Juan Becerra to third
3-2: Base on Balls
Batting: LHB Chance Santry 0-0: Ball
1-0: Foul Ball, location: 2F
1-1: Ball
2-1: Foul Ball, location: 2F
2-2: Strikes out swinging
Bottom of the 9th over - 1 run(s), 2 hit(s), 0 error(s), 2 left on base; Scottsdale 7 - Beaverton 5
Monday, December 5th, 2016 - OOTP Baseball 17.12 Build 75